 Dungeon Crawl Stone Soup version 0.29-a0-323-g050149af67 (webtiles) character file.

Game seed: 11932124641355716045

6579 Jortsu the Basher (level 10, -8/98 HPs)
             Began as a Troll Fighter on Apr 12, 2022.
             Was a High Priest of Jiyva.
             Mangled by a death yak (21 damage)
             ... on level 8 of the Dungeon.
             The game lasted 00:13:17 (5656 turns).

Jortsu the Basher (Troll Fighter)                   Turns: 5656, Time: 00:13:17

Health: -8/98      AC:  9    Str: 30    XL:     10   Next: 71%
Magic:  9/9        EV: 12    Int:  4    God:    Jiyva [*****.]
Gold:   582        SH:  5    Dex: 17    Spells: 9/9 levels left

rFire   . . .      SeeInvis .   u - +0 giant spiked club
rCold   . . .      Faith    .   (shield currently unavailable)
rNeg    . . .      Spirit   .   a - +0 robe
rPois   .          Reflect  +   (helmet restricted)
rElec   .          Harm     .   f - +0 cloak
rCorr   +          Rampage  .   (gloves unavailable)
Will    +++..                   (boots unavailable)
Stlth   ++........              t - amulet of reflection
HPRegen 2.50/turn               g - +6 ring of dexterity
MPRegen 0.56/turn               j - +4 ring of protection

@: no status effects
A: large, unfitting armour, claws 3, regeneration 1, shaggy fur 1, tough skin 1,
strong-willed 3, strong 1, acidic bite, eyeballs 1, jelly absorbing missiles
a: Renounce Religion, Oozemancy, Slimify


You were on level 8 of the Dungeon.
You worshipped Jiyva.
Jiyva was extremely pleased with you.
You visited 1 branch of the dungeon, and saw 8 of its levels.
You also visited: Bailey.

You collected 610 gold pieces.
You spent 28 gold pieces at shops.

Inventory:

Hand Weapons
 k - the +12 war axe of Evisceration {vorpal, Will+ MP+9}
   (You found it on level 2 of the Dungeon)

   It inflicts extra damage upon your enemies.
   MP:        It affects your magic capacity (+9).
   Will:      It increases your willpower.
 u - a +0 giant spiked club (weapon)
Armour
 a - a +0 robe (worn)
 b - a +0 kite shield
 f - a +0 cloak (worn)
Jewellery
 c - a ring of protection from cold
 g - a +6 ring of dexterity (left claw)
 j - a +4 ring of protection (right claw)
 o - an amulet of faith
 t - an amulet of reflection (around neck)
 x - a ring of protection from cold
Wands
 d - a wand of acid (24)
 r - a wand of flame (22)
 y - a wand of charming (3)
Scrolls
 e - a scroll of amnesia
 h - 2 scrolls of fog
 i - a scroll of torment
 p - a scroll of identify
 s - a scroll of magic mapping
 w - a scroll of enchant armour
Potions
 l - 5 potions of flight
 m - 4 potions of curing
 n - 2 potions of heal wounds
 q - a potion of cancellation
 v - a potion of ambrosia


   Skills:
 + Level 5.8 Fighting
 + Level 5.2(7.6) Axes
 + Level 9.4(10.1) Maces & Flails
 + Level 5.1 Dodging
 + Level 2.4 Stealth
 + Level 5.0 Shields
 + Level 3.3 Unarmed Combat


You had 9 spell levels left.
You didn't know any spells.
Your spell library contained the following spells:

 Spells                   Type           Power      Damage    Failure   Level
 Freeze                   Ice            0%         1d3       50%         1
 Frozen Ramparts          Ice            0%         1d2       86%         3
 Hailstorm                Conj/Ice       0%         3d3       99%         4
 Leda's Liquefaction      Hex/Erth       0%         N/A       99%         4
 Lee's Rapid Deconstruct  Erth           0%         3d5*      100%        5
 Statue Form              Tmut/Erth      0%         N/A       100%        6


Dungeon Overview and Level Annotations

Branches:
Dungeon (8/15)             Temple (0/1) D:7            Lair (0/6) D:8
 Bailey (visited)

Altars:
Makhleb
Trog
Uskayaw
Yredelemnul
Beogh
Jiyva

Shops:
D:1 !   D:2 (   D:6 *   D:7 (

Annotations:
D:4 3 runed translucent doors, Jortsu's ghost, amateur TrHu


Innate Abilities, Weirdness & Mutations

You are too large for most types of armour.
You have claws for hands.
Your natural rate of healing is unusually fast.
You are covered in fur. (AC +1)
You have tough skin. (AC +1)
You are extremely strong-willed. (Will+++)
Your muscles are strong. (Str +2)
You have acidic saliva.
Your body has grown eyes which may confuse attackers. (Acc +3)
You have a small jelly attached to you that may absorb projectiles.


Message History

You block the death yak's attack.
You sock the death yak!
You kill the death yak!
Your Shields skill increases to level 5!
You impale the rat!!
You kill the rat!
You see here a death yak corpse.
You start resting.
A rat comes into view.
A rat is nearby!
You see here a death yak corpse.
You impale the death yak!!
The death yak is heavily wounded.
You hear a deafening roar!
The death yak gores you!
You impale the death yak!!
The death yak is severely wounded.
The death yak gores you!
You barely miss the death yak.
You bite the death yak, but do no damage.
The death yak is severely wounded.
A hell rat comes into view.
The death yak gores you!!
* * * LOW HITPOINT WARNING * * *
A quokka comes into view.
You completely miss the death yak.
You bite the death yak, but do no damage.
The death yak is severely wounded.
The death yak gores you!
* * * LOW HITPOINT WARNING * * *
The death yak barely misses you.
You puncture the death yak!
You bite the death yak, but do no damage.
The death yak is almost dead.
The death yak gores you!
* * * LOW HITPOINT WARNING * * *
You puncture the death yak!
The death yak is almost dead.
The death yak gores you!!
You die...

#.. .... #.. ..$.#...#.
.. ......>..
..########.# ........
........# .. .#....r.
........# #.#.#.....
........# #....rr... ..
........####.###Y###..#
..(.....##......@....#
........##.......#####
........##.......#
.................#
##.###...........# #.#
#.......#†#.# #.#
#.......#.#.# #.#
#.......#.#.# #.#
#########...#


You could see a death yak, a hell rat, a quokka and a rat.

Vanquished Creatures
  A two-headed ogre (D:8)
  2 death yaks (D:8)
  4 skeletal warriors (D:8)
  An orc knight (Bailey)
  An orc warrior (Bailey)
  A sky beast (D:3)
  3 ice beasts (D:5)
  A black bear (D:6)
  2 ogres
  A centaur (D:6)
  2 phantoms (D:5)
  A necrophage (D:5)
  2 bullfrogs (D:8)
  2 scorpions (D:4)
  8 wights
  3 hounds
  Ijyb (D:5)
  8 iguanas
  4 gnolls
  7 adders
  A white imp (D:5)
  An ufetubus (D:5)
  3 worms
  4 dart slugs
  10 orcs
  6 bats
  2 endoplasms (D:1)
  3 giant cockroaches
  11 goblins
  11 hobgoblins
  16 jackals
  3 quokkas
  5 ball pythons
  3 frilled lizards
  12 kobolds
  8 rats
154 creatures vanquished.

Vanquished Creatures (collateral kills)
  An orc warrior (Bailey)
  A hobgoblin (Bailey)
  A kobold (Bailey)
3 creatures vanquished.

Vanquished Creatures (others)
  6 jellies
  A hound (D:5)
  A gnoll shaman (D:6)
  3 adders
  2 worms (D:2)
  A dart slug (D:2)
  7 orcs (D:4)
  2 bats
  3 endoplasms (D:3)
  2 giant cockroaches
  A goblin (D:2)
  A hobgoblin (D:3)
  2 jackals (D:2)
  A ball python (D:2)
  A frilled lizard (D:2)
  4 kobolds
  A rat (D:2)
  A plant (D:7)
40 creatures vanquished.

Grand Total: 197 creatures vanquished

Notes
Turn   | Place    | Note
-------+----------+-------------------------------------------
     0 | D:1      | Jortsu the Troll Fighter began the quest for the Orb.
     0 | D:1      | Reached XP level 1. HP: 22/22 MP: 0/0
   125 | D:1      | Reached XP level 2. HP: 25/29 MP: 1/1
   650 | D:1      | Found Suedgheirph's Distillery.
   665 | D:1      | Found a faded altar of an unknown god.
   673 | D:1      | Prayed at the altar of an unknown god.
   673 | D:1      | Became a worshipper of Jiyva Joludut the Shapeless
   673 | D:1      | Reached * piety under Jiyva
   899 | D:2      | Reached XP level 3. HP: 36/36 MP: 2/2
   996 | D:2      | Reached ** piety under Jiyva
  1144 | D:2      | Identified the +12 war axe of Evisceration {vorpal, Will+
                  | MP+9}
  1371 | D:2      | Found Neor's Weapon Shoppe.
  1928 | D:3      | You fall into a shaft and drop 1 floor!
  1932 | D:4      | Reached XP level 4. HP: 39/44 MP: 3/3
  2146 | D:3      | Reached XP level 5. HP: 53/53 MP: 4/4
  2159 | D:3      | Reached *** piety under Jiyva
  2355 | D:3      | Noticed a sky beast
  2365 | D:3      | Killed a sky beast
  2443 | D:4      | Reached XP level 6. HP: 51/61 MP: 5/5
  2588 | D:4      | Identified the +9 hunting sling "Meanlont" {venom, *Slow
                  | rC+ Str+3 Stlth-}
  2590 | D:4      | Found a runed translucent gate.
  2591 | D:4      | Found a runed translucent gate.
  2592 | D:4      | Found a runed translucent gate.
  2594 | D:4      | Noticed Jortsu's ghost (amateur TrHu)
  2808 | D:5      | Entered Level 5 of the Dungeon
  2901 | D:5      | Noticed an ice beast
  2902 | D:5      | Noticed an ice beast
  2907 | D:5      | Killed an ice beast
  2908 | D:5      | Reached XP level 7. HP: 41/67 MP: 6/6
  2911 | D:5      | Reached skill level 1 in Stealth
  3032 | D:5      | Reached **** piety under Jiyva
  3243 | D:5      | Reached skill level 5 in Axes
  3243 | D:5      | Reached XP level 8. HP: 78/78 MP: 7/7
  3424 | D:5      | Gained mutation: Your muscles are strong. (Str +2) [Jiyva's
                  | grace]
  3424 | D:5      | Gained mutation: Your muscles are very strong. (Str +4)
                  | [Jiyva's grace]
  3424 | D:5      | Gained mutation: You have a small jelly attached to you
                  | that may absorb projectiles. [Jiyva's grace]
  3424 | D:5      | Gained mutation: Your body has grown eyes which may confuse
                  | attackers. (Acc +3) [Jiyva's grace]
  3468 | D:5      | Noticed Ijyb
  3484 | D:5      | Killed Ijyb
  3589 | D:5      | Found a hide-covered altar of Uskayaw.
  3742 | D:5      | Reached skill level 1 in Maces & Flails
  3849 | D:6      | Found a burning altar of Makhleb.
  3925 | D:6      | Reached ***** piety under Jiyva
  4078 | D:6      | Found Cogejo Fued's General Store.
  4084 | D:6      | Bought a scroll of identify for 28 gold pieces
  4581 | D:7      | Reached skill level 2 in Maces & Flails
  4626 | D:6      | Reached skill level 3 in Maces & Flails
  4668 | D:7      | Reached skill level 4 in Maces & Flails
  4682 | D:7      | Found a flagged portal.
  4691 | Bailey   | Entered a bailey
  4716 | Bailey   | Reached XP level 9. HP: 85/85 MP: 8/8
  4781 | Bailey   | Identified the +0 ring mail of Geiliexu {Rampage}
  4784 | Bailey   | Noticed an orc knight
  4792 | Bailey   | Killed an orc knight
  4793 | Bailey   | Reached skill level 5 in Maces & Flails
  4991 | D:7      | Found Wytau's Hydra Hut.
  4995 | D:7      | Noticed a four-headed hydra
  5240 | D:7      | Found a bloodstained altar of Trog.
  5240 | D:7      | Found a basalt altar of Yredelemnul.
  5268 | D:7      | Found a staircase to the Ecumenical Temple.
  5333 | D:8      | Noticed a two-headed ogre
  5337 | D:8      | Killed a two-headed ogre
  5338 | D:8      | Reached skill level 5 in Fighting
  5338 | D:8      | Reached skill level 6 in Maces & Flails
  5411 | D:8      | Noticed a skeletal warrior
  5414 | D:8      | Noticed a skeletal warrior
  5414 | D:8      | Noticed a skeletal warrior
  5418 | D:8      | Noticed a skeletal warrior
  5423 | D:8      | Killed a skeletal warrior
  5424 | D:8      | Reached skill level 7 in Maces & Flails
  5428 | D:8      | Killed a skeletal warrior
  5429 | D:8      | Reached XP level 10. HP: 61/96 MP: 9/9
  5435 | D:8      | Killed a skeletal warrior
  5436 | D:8      | Reached skill level 8 in Maces & Flails
  5437 | D:8      | Killed a skeletal warrior
  5438 | D:8      | Reached skill level 5 in Dodging
  5607 | D:8      | Lost mutation: Your muscles are very strong. (Str +4)
                  | [Jiyva's grace]
  5607 | D:8      | Gained mutation: You are strong-willed. (Will+) [Jiyva's
                  | grace]
  5607 | D:8      | Gained mutation: You are highly strong-willed. (Will++)
                  | [Jiyva's grace]
  5607 | D:8      | Gained mutation: You are extremely strong-willed. (Will+++)
                  | [Jiyva's grace]
  5607 | D:8      | Gained mutation: You have acidic saliva. [Jiyva's grace]
  5609 | D:8      | Found a staircase to the Lair.
  5609 | D:8      | Noticed a death yak
  5609 | D:8      | Noticed a death yak
  5612 | D:8      | Noticed a death yak
  5625 | D:8      | Killed a death yak
  5626 | D:8      | Reached skill level 9 in Maces & Flails
  5636 | D:8      | Killed a death yak
  5637 | D:8      | Reached skill level 5 in Shields
  5656 | D:8      | Mangled by a death yak

Illustrated notes

Levels and vault maps discovered:
D:1:      minmay_arrival_hallway, layout_basic, serial_shops, shop,
          basic_ecumenical_altar, st_stairs_8
D:2:      layout_basic, serial_shops, shop, minmay_three_crescents
D:3:      layout_basic, minmay_misc_feat_rows
D:4:      layout_basic, biasface_ghost_orc_armoury, corexii_hall_statues_s
D:5:      minmay_thinvault, layout_cave_pools, mainiacjoe_overflow_alcove_4,
          fountainhead, uniq_ijyb
D:6:      layout_loops_ring, mainiacjoe_overflow_paths, serial_shops,
          nicolae_shop_crystal, kennysheep_windowed_goal
D:7:      layout_gridville, gammafunk_temple_overflow_elements, temple_green,
          enter_bailey_5, doesnt_shop_hydraphobe
D:8:      layout_basic, general_overflow_altar, dpeg_lair_monsters

Skill      XL: |  1  2  3  4  5  6  7  8  9 10 |
---------------+-------------------------------+-----
Unarmed Combat | 3 |  3.3
Dodging        | 3 4 5 |  5.1
Fighting       | 3 4 5 |  5.8
Axes           | 2 3 5 |  5.2
Shields        | 3 4 5 |  5.0
Stealth        | 1 2 |  2.4
Maces & Flails | 4 7 9 |  9.4

Action                   |  1- 3 |  4- 6 |  7- 9 | 10-12 || total
-------------------------+-------+-------+-------+-------++-------
Melee: Unarmed           |    75 |       |       |       ||    75
       War axe           |    10 |    76 |    35 |       ||   121
       Giant spiked club |       |       |   112 |    38 ||   150
       Bite              |       |       |       |     5 ||     5
  Use: Scroll            |     3 |     2 |     8 |       ||    13
       Potion            |       |       |     1 |       ||     1
 Stab: Sleeping          |     1 |     2 |     3 |       ||     6
       Confused          |       |       |     2 |     1 ||     3
Armor: Robe              |    17 |    19 |    73 |     2 ||   111
Dodge: Dodged            |    33 |    31 |   108 |    15 ||   187
Block: Kite shield       |    26 |    29 |    21 |       ||    76
       Other             |       |       |    52 |     7 ||    59
       Reflection        |       |       |     9 |       ||     9

Table legend: (Time is in decaauts)
 A = Elapsed time spent in this place.
 B = Non-inter-level travel time spent in this place.
 C = Inter-level travel time spent in this place.
 D = Time resting spent in this place.
 E = Time spent auto-exploring this place.
 F = Levels seen in this place.
 G = Mean time per level.
                   A        B        C        D        E       F      G
               +--------+--------+--------+--------+--------+-----+--------+
         Total |   5806 |   5499 |    307 |    275 |   3605 |   9 |  645.1 |
       Dungeon |   5516 |   5209 |    307 |    275 |   3605 |   8 |  689.5 |
        Bailey |    290 |    290 |      0 |      0 |      0 |   1 |  290.0 |
               +--------+--------+--------+--------+--------+-----+--------+

Top non-repeatable levels by time:
     D:5: 998 daAuts
     D:2: 984 daAuts
     D:1: 913 daAuts
     D:6: 849 daAuts
     D:3: 526 daAuts
     D:7: 466 daAuts
     D:4: 434 daAuts
     D:8: 342 daAuts
  Bailey: 290 daAuts
